 Dungeon Crawl Stone Soup version 0.32-a0-996-gb3226c233f (webtiles) character file.

Game seed: 10503937455366116942

173 Griffin23 the Covered (level 5, 0/43 (47) HPs)
             Began as a Minotaur Fighter on Apr 23, 2024.
             Slain by a wight
             ... wielding a +3 hand axe
              (9 damage)
             ... on level 4 of the Dungeon.
             The game lasted 00:01:12 (646 turns).

Griffin23 the Covered (Minotaur Fighter)             Turns: 646, Time: 00:01:12

HP:   0/43 (47)     AC:  7    Str: 23    XL:     5   Next: 28%
MP:   4/4           EV:  8    Int:  5    God:
Gold: 31            SH:  4    Dex:  9    Spells: 4/4 levels left

rFire   . . .        a - +0 long sword
rCold   . . .        c - +0 buckler
rNeg    . . .        b - +0 scale mail
rPois   .            (helmet restricted)
rElec   .            (no cloak)
rCorr   .            (no gloves)
SInv    .            (no boots)
Will    .....        (no amulet) Stlth
                     (no ring)
HPRegen 0.27/turn    (no ring)
MPRegen 0.09/turn

%: no passive effects
@: drained
A: horns 2, retaliatory headbutt
a: no special abilities


You were on level 4 of the Dungeon.
You visited 1 branch of the dungeon, and saw 4 of its levels.

You collected 31 gold pieces.

Inventory:

Hand Weapons
 a - a +0 long sword (weapon)
Armour
 b - a +0 scale mail (worn)
 c - a +0 buckler (worn)
Wands
 g - a wand of roots (4)
Scrolls
 f - a scroll of identify {unknown}
 h - a scroll of torment {unknown}
 i - a scroll of poison {unknown}
 j - a scroll of immolation {unknown}
 k - a scroll of revelation {unknown}
Potions
 d - a potion of might
 e - a potion of magic {unknown}


   Skills:
 + Level 4.6 Fighting
 * Level 4.4 Long Blades
 + Level 4.6 Armour
 + Level 4.6 Shields


You had 4 spell levels left.
You didn't know any spells.
Your spell library was empty.

Dungeon Overview and Level Annotations

Branches:
Dungeon (4/15)
 Temple: D:4-7

Altars:


Innate Abilities, Weirdness & Mutations

You have a pair of horns on your head.
You reflexively headbutt those who attack you in melee.


Message History

A wight comes into view. It is wielding a +3 hand axe.
A wight is nearby!
A wight comes into view. It is wielding a +0 halberd.
There are monsters nearby!
A wight comes into view. It is wielding a +0 hand axe.
The wight misses you.
There are monsters nearby!
You hit the wight. Your headbutt misses the wight.
The wight is lightly damaged.
The wight hits you with a +3 hand axe.
There are monsters nearby!
You hit the wight. You headbutt the wight.
The wight is heavily damaged.
The wight hits you with a +3 hand axe.
You hit the wight. Your headbutt misses the wight.
The wight is severely damaged.
The wight hits you with a +3 hand axe.
You feel drained.
You barely miss the wight.
The wight is severely damaged.
The wight closely misses you. x2; The wight hits you with a +3 hand axe.
The wight hits you from afar with a +0 halberd.
You hit the wight.
You headbutt the wight, but do no damage.
The wight is almost destroyed.
The wight hits you but does no damage. The wight hits you with a +3 hand axe!
You feel drained.
* * * LOW HITPOINT WARNING * * *
The wight attacks as it pursues you! You block the wight's attack.
The wight attacks as it pursues you! You block the wight's attack.
The wight attacks as it pursues you! The wight closely misses you.
You furiously retaliate!
You headbutt the wight! You hit the wight.
The wight is almost destroyed.
The wight barely misses you. The wight hits you with a +0 hand axe.
* * * LOW HITPOINT WARNING * * *
You feel drained.
You hit the wight.
You destroy the wight!
The wight closely misses you. The wight hits you with a +3 hand axe!
You die...

.. . #. .. #.
... #.
....##.####+##
.............#
........)z...#
.......z.@...#
...##..###..##
######..##
#..>.#...#
#....#...#
#....#...# ###
#...##.###
###<..#####'##.#
...............#


You could see 2 wights.

Vanquished Creatures
  A phantom (D:4)
  A wight (D:4)
  Jessica (D:3)
  Ijyb (D:3)
  Robin (D:4)
  An adder (D:3)
  3 endoplasms
  3 hobgoblins (D:3)
  3 jackals (D:3)
  2 quokkas (D:3)
  9 goblins
26 creatures vanquished.

Vanquished Creatures (others)
  A goblin (D:4)
1 creature vanquished.

Grand Total: 27 creatures vanquished

Notes
Turn   | Place    | Note
-------+----------+-------------------------------------------
     0 | D:1      | Griffin23 the Minotaur Fighter began the quest for the Orb.
     0 | D:1      | Reached XP level 1. HP: 19/19 MP: 0/0
    90 | D:3      | Noticed Jessica
    94 | D:3      | Killed Jessica
    95 | D:3      | Reached XP level 2. HP: 27/27 MP: 1/1
    95 | D:3      | Reached XP level 3. HP: 33/33 MP: 2/2
   162 | D:3      | Noticed Ijyb
   176 | D:3      | Killed Ijyb
   294 | D:3      | Reached XP level 4. HP: 40/40 MP: 3/3
   298 | D:4      | Noticed Robin
   505 | D:4      | Killed Robin
   576 | D:4      | Noticed a phantom
   596 | D:4      | Killed a phantom
   597 | D:4      | Reached XP level 5. HP: 42/47 MP: 4/4
   646 | D:4      | Slain by a wight

Illustrated notes

Levels and vault maps discovered:
D:1:      dpeg_arrival_rooms_c, layout_loops_cross
D:2:      minmay_angry_zag, layout_rooms, kennysheep_generic_room_8
D:3:      layout_basic, serial_shops, nicolae_shop_crystal, uniq_jessica,
          uniq_ijyb, uniq_terence, uniq_sigmund
D:4:      layout_gridville, mainiacjoe_overflow_concentric_impassable,
          bloody_makhleb, ebering_ghost_disaster_area, grunt_ministairs_1,
          uniq_robin

Skill      XL: |  1  2  3  4 |
---------------+-------------+-----
Fighting       | 4 |  4.6
Long Blades    | 3 4 |  4.4
Armour         | 4 |  4.6
Shields        | 4 |  4.6

Action                     |  1- 3 |  4- 6 || total
---------------------------+-------+-------++-------
  Melee: Long sword        |    26 |    47 ||    73
         Headbutt          |     4 |     8 ||    12
 Armour: Scale mail        |    36 |    65 ||   101
  Dodge: Dodged            |     8 |    27 ||    35
  Block: Buckler           |     4 |    13 ||    17

Table legend: (Time is in decaauts)
 A = Elapsed time spent in this place.
 B = Non-inter-level travel time spent in this place.
 C = Inter-level travel time spent in this place.
 D = Time resting spent in this place.
 E = Time spent auto-exploring this place.
 F = Levels seen in this place.
 G = Mean time per level.
                   A        B        C        D        E       F      G
               +--------+--------+--------+--------+--------+-----+--------+
         Total |    668 |    668 |      0 |    163 |    286 |   4 |  167.0 |
       Dungeon |    668 |    668 |      0 |    163 |    286 |   4 |  167.0 |
               +--------+--------+--------+--------+--------+-----+--------+

Top non-repeatable levels by time:
     D:3: 424 daAuts
     D:4: 169 daAuts
     D:1: 59 daAuts
     D:2: 15 daAuts
